 Dungeon Crawl Stone Soup version 0.23-a0-8-gb809bb7 (webtiles) character file.

84 prawnwizard the Conjurer (level 4, -2/25 HPs)
             Began as a Deep Elf Conjurer on Aug 1, 2018.
             Slain by a bullfrog zombie (3 damage)
             ... on level 2 of the Dungeon.
             The game lasted 00:04:39 (1713 turns).

prawnwizard the Conjurer (Deep Elf Conjurer)        Turns: 1713, Time: 00:04:40

Health: -2/25      AC:  3    Str:  5    XL:     4   Next: 23%
Magic:  0/20       EV: 13    Int: 21    God:
Gold:   51         SH:  0    Dex: 15    Spells: 5/10 levels left

rFire    . . .     SeeInvis .   k - +0 short sword
rCold    . . .     Gourm    .   (no shield)
rNeg     . . .     Faith    .   a - +0 robe
rPois    .         Spirit   .   (no helmet)
rElec    .         Reflect  .   (no cloak)
rCorr    .         Harm     .   (no gloves)
MR       .....                  f - +0 pair of boots
Stlth    ++........             (no amulet)
HPRegen  0.08/turn              j - ring of magical power
MPRegen  0.17/turn              (no ring)

@: no status effects
A: no striking features
a: no special abilities


You were on level 2 of the Dungeon.
You were not hungry.

You visited 1 branch of the dungeon, and saw 2 of its levels.

You collected 51 gold pieces.

Inventory:

Hand Weapons
 k - a +0 short sword (weapon)
Missiles
 g - 35 sling bullets
 l - 48 stones (quivered)
Armour
 a - a +0 robe (worn)
 f - a +0 pair of boots (worn)
 m - a +0 buckler
Jewellery
 j - a ring of magical power (left hand)
Scrolls
 b - 2 scrolls of enchant weapon {unknown}
 d - a scroll of teleportation {unknown}
 e - a scroll of fog {unknown}
 i - 2 scrolls of identify {unknown}
Potions
 h - 4 potions of curing {unknown}
 o - a potion of invisibility {unknown}
Comestibles
 c - 2 rations
 n - 7 chunks of flesh


   Skills:
 + Level 1.4 Fighting
 - Level 2.4 Dodging
 - Level 2.4 Stealth
 + Level 3.9 Spellcasting
 * Level 5.4 Conjurations
 + Level 0.2 Hexes


You had 5 spell levels left.
You knew the following spells:

 Your Spells              Type           Power        Failure   Level  Hunger
a - Magic Dart            Conj           ####         1%          1    None
b - Fulminant Prism       Conj/Hex       ###.......   36%         4    ####...

Your spell library contained the following spells:

 Spells                   Type           Power        Failure   Level  Hunger
 Iskenderun's Mystic Bla  Conj           ####....     13%         4    ####...
 Dazzling Spray           Conj/Hex       ###...       11%         3    ###....
 Force Lance              Conj/Tloc      ###.....     36%         4    ####...
 Searing Ray              Conj           ####..       1%          2    #......


Dungeon Overview and Level Annotations

Branches:
Dungeon (2/15)

Altars:


Message History

Press: ? - help, Shift-Dir - straight line, f/p - bullfrog zombie
Aim: a bullfrog zombie (almost destroyed)
The magic dart hits the bullfrog zombie.
The bullfrog zombie is almost destroyed.
The bullfrog zombie closely misses you.
The rat twitches its whiskers.
You barely miss the bullfrog zombie.
The bullfrog zombie is almost destroyed.
The bullfrog zombie closely misses you. The bullfrog zombie hits you.
* * * LOW HITPOINT WARNING * * *
Casting: Magic Dart (safe; 1% risk of failure)
Confirm with . or Enter, or press ? or * to list all spells.
Aiming: Magic Dart (safe; 1% risk of failure)
Press: ? - help, Shift-Dir - straight line, f/p - bullfrog zombie
Aim: a bullfrog zombie (almost destroyed)
The magic dart hits the bullfrog zombie.
The bullfrog zombie is almost destroyed.
A ball python comes into view.
The bullfrog zombie hits you.
You die...

### .. ...... #.#
#.##.. #.# #.##.# .
#.. ..##.# .. #.#
#.##.# ... ####.#
#.##.# ....
#....####.##.##.....
#.).......@Zr.(..S.%
####.####.##$......#
♣ #.# #.#####.....
♣♣. #.# #.# .####
♣♣.♣♣ #.# #.# #
♣...♣ #.# #.# ....♣
####.## #.# ....#
#'..>.# #.#
....######..# #.#


You could see a bullfrog zombie, a ball python (wandering) and a rat.

Vanquished Creatures
  3 adders (D:2)
  A dart slug (D:1)
  2 leopard geckos (D:1)
  8 giant cockroaches
  3 goblins
  7 hobgoblins
  7 bats
  4 frilled lizards
  7 kobolds
  12 rats
54 creatures vanquished.

Notes
Turn   | Place    | Note
-------+----------+-------------------------------------------
     0 | D:1      | prawnwizard the Deep Elf Conjurer began the quest for the Orb.
     0 | D:1      | Reached XP level 1. HP: 10/10 MP: 6/6
   311 | D:1      | Reached XP level 2. HP: 16/16 MP: 5/8
   542 | D:1      | Reached skill level 5 in Conjurations
   661 | D:1      | Reached XP level 3. HP: 20/20 MP: 7/9
   802 | D:1      | Reached skill level 1 in Fighting
  1634 | D:2      | Reached XP level 4. HP: 25/25 MP: 11/11
  1679 | D:2      | Learned a level 4 spell: Fulminant Prism
  1712 | D:2      | HP: 1/25 [bullfrog zombie (4)]
  1713 | D:2      | Slain by a bullfrog zombie

Vault maps used:
D:1:      onia_arrival_larder, nrook_loot_triangle, minmay_misc_feat_roman,
          minmay_heptomino_w4
D:2:      uniq_crazy_yiuf_cottage

Skill      XL: |  1  2  3 |
---------------+----------+-----
Conjurations   | 5 |  5.4
Fighting       | 1 |  1.4
Dodging        | |  2.4
Stealth        | |  2.4
Spellcasting   | |  3.9
Hexes          | |  0.2

Action                   |  1- 3 |  4- 6 || total
-------------------------+-------+-------++-------
Melee: Unarmed           |     5 |       ||     5
       Short sword       |       |     1 ||     1
 Cast: Magic Dart        |    79 |    29 ||   108
  Eat: Chunk             |     2 |       ||     2
Armor: Robe              |     6 |     2 ||     8
Dodge: Dodged            |     9 |    12 ||    21

Table legend:
 A = Spawn XP
 B = Non-spawn XP
 C = Spawn XP percentage of total XP
 D = Spawn monster count
 E = Non-spawn monster count
 F = Spawn count percentage of total count
 G = Total turns spent on level
                    A         B        C        D         E        F      G
               +---------+---------+-------+---------+---------+-------+---------
         Total |       0 |     120 |   0.0 |       0 |      54 |   0.0 |  1713
               +---------+---------+-------+---------+---------+-------+---------
           D:1 |       0 |      60 |   0.0 |       0 |      38 |   0.0 |  1468
           D:2 |       0 |      60 |   0.0 |       0 |      16 |   0.0 |   245
               +---------+---------+-------+---------+---------+-------+---------
